Diables vs Mustangs
Created - 24 avril 2016 at 20:08
Goals
|
| Diables |
1 |
1 |
3 |
5 |
| Mustangs |
1 |
1 |
1 |
3 |
|
Shots
|
| Diables |
7 |
14 |
9 |
30 |
| Mustangs |
11 |
15 |
14 |
40 |
|
1st period
1. Diables , Damien Brunner 60 (Tyler Bozak) at 16:52 (PP)
2. Mustangs , Evander Kane 54 (Brayden Schenn, Denis Shvidki) at 17:33 (PP)
Penalties :
Damien Brunner (Alm) for Interference (Minor) at 1:20, Jamie Arniel (Alm) for Hooking (Minor) at 8:48, Derek Joslin (Ham) for Hooking (Minor) at 16:48, Lukas Krajicek (Alm) for Roughing (Double Minor) at 17:25
2nd period
3. Diables , Tyler Bozak 50 (Damien Brunner) at 6:45
4. Mustangs , Jerome Samson 7 (Jim O'Brien, Mark Pysyk) at 11:50
Penalties :
Pavel Valentenko (Alm) for Hooking (Minor) at 1:02, Brian Dumoulin (Alm) for Slashing (Minor) at 3:32
3rd period
5. Diables , Craig Smith 22 (Lukas Krajicek, Tomas Kubalik) at 3:05
6. Diables , Brandon Prust 43 (Lukas Krajicek, Damien Brunner) at 3:19
7. Mustangs , Daniel Winnik 17 (Eric Godard, Ben Eager) at 8:46
8. Diables , Brandon Prust 44 (Tyler Cuma, Tyler Bozak) at 14:32
Penalties :
Brayden Schenn (Ham) for High sticking (Minor) at 3:41, Steve Quailer (Alm) for Hooking (Minor) at 10:39
Goalie Stats
Jean-Francois Berube (Alm), 37 saves from 40 shots - (0,925), W, 4-4-0, 60:00 minutes
Chet Pickard (Ham), 25 saves from 30 shots - (0,833), L, 12-10-4, 60:00 minutes
Players Stats for Diables
Player Name G A P +/- PIM S H SB GA TA FO MP PP MP PK MP
------------------------------------------------------------------------------------
Benn Ferriero 0 0 0 -1 0 2 0 1 1 0 0/0 7:29 0:59 0:00
Brandon Prust 2 0 2 3 0 2 0 1 0 0 1/1 18:14 0:59 0:59
Brian Dumoulin 0 0 0 0 2 0 0 0 0 0 0/0 3:31 0:00 0:00
Craig Smith 1 0 1 1 0 3 0 0 0 0 3/9 13:44 0:59 1:18
Damien Brunner 1 2 3 3 2 2 1 0 0 0 3/5 22:31 1:04 5:19
Dustin Kohn 0 0 0 1 0 2 0 4 0 0 0/0 21:07 1:01 5:14
Jamie Arniel 0 0 0 -1 2 0 1 0 0 2 4/12 17:15 0:00 5:14
Jared Cowen 0 0 0 2 0 1 2 3 0 3 0/0 29:54 1:01 6:48
Kellan Lain 0 0 0 -1 0 0 3 1 0 0 0/0 17:31 1:04 4:52
Lukas Krajicek 0 2 2 2 4 1 1 0 0 2 0/0 24:09 1:02 4:28
Matt Jones 0 0 0 -1 0 2 1 0 0 0 0/0 17:08 0:00 6:48
Pavel Valentenko 0 0 0 -1 2 0 0 0 0 1 0/0 9:45 0:00 0:46
Pierre-Cédric Labrie 0 0 0 1 0 1 1 1 0 0 0/0 11:15 0:00 0:00
Riley Sheahan 0 0 0 -1 0 1 0 0 0 0 2/5 6:15 0:00 0:00
Steve Quailer 0 0 0 -1 2 1 1 1 0 0 0/0 11:27 0:00 0:00
Taylor Beck 0 0 0 -1 0 0 0 0 0 0 0/0 6:15 0:00 0:00
Tomas Kubalik 0 1 1 1 0 9 0 0 0 0 2/3 14:33 0:00 2:43
Tyler Bozak 1 2 3 3 0 3 1 3 0 0 17/32 20:50 1:04 3:39
Tyler Cuma 0 1 1 1 0 0 1 0 0 0 0/0 14:59 1:02 0:00
Players Stats for Mustangs
Player Name G A P +/- PIM S H SB GA TA FO MP PP MP PK MP
------------------------------------------------------------------------------------
Ben Eager 0 1 1 -2 0 0 1 1 1 0 0/0 16:43 3:57 0:41
Brayden Schenn 0 1 1 -2 2 3 2 0 0 0 21/37 24:16 6:38 0:04
Cameron Gaunce 0 0 0 -2 0 3 2 2 0 0 0/0 20:41 4:52 0:58
Daniel Winnik 1 0 1 1 0 2 1 0 1 0 1/1 11:49 1:22 1:01
Denis Bodrov 0 0 0 -2 0 0 0 1 0 0 0/0 19:30 4:52 0:58
Denis Shvidki 0 1 1 -2 0 6 1 1 2 0 2/3 24:18 6:43 0:00
Derek Joslin 0 0 0 0 2 3 2 2 2 0 0/0 27:49 6:11 1:01
Eric Godard 0 1 1 1 0 4 1 0 2 0 0/0 10:58 1:18 0:00
Eric Gryba 0 0 0 0 0 0 2 3 0 0 0/0 26:30 6:37 1:05
Evander Kane 1 0 1 -2 0 8 1 0 0 0 1/1 25:31 6:43 1:13
Jerome Samson 1 0 1 1 0 2 1 1 0 0 0/0 6:49 0:00 0:00
Jim O'Brien 0 1 1 1 0 1 2 1 0 0 2/5 8:31 1:27 0:03
Joe Finley 0 0 0 0 0 0 1 0 0 0 0/0 12:38 0:59 0:00
Marcus Foligno 0 0 0 1 0 0 0 0 0 0 0/0 6:49 0:00 0:00
Mark Pysyk 0 1 1 0 0 2 1 2 0 1 0/0 12:51 0:33 0:04
Reilly Smith 0 0 0 -2 0 0 1 0 0 0 2/3 16:10 4:01 0:00
Rick Schofield 0 0 0 1 0 3 0 1 0 0 5/10 9:14 0:00 0:00
Riley Armstrong 0 0 0 -2 0 3 2 0 0 0 1/7 16:48 3:57 1:04
3 Stars
1 - Tyler Bozak (Alm)
2 - Brandon Prust (Alm)
3 - Damien Brunner (Alm)
Power Play
Diables - 1 on 2 Attempt(s) - 50,00%
Mustangs - 1 on 7 Attempt(s) - 14,29%
Penalty Kill
Diables - 6 on 7 Attempt(s) - 85,71%
- Score 0 goal in Penalty Kill
Mustangs - 1 on 2 Attempt(s) - 50,00%
- Score 0 goal in Penalty Kill
Team Stat
Diables - Hits : 13 - Faceoff Wins : 32 - Blocked Shots : 15 - Penalty Minutes : 14
Mustangs - Hits : 21 - Faceoff Wins : 35 - Blocked Shots : 15 - Penalty Minutes : 4
Official
Referees : Walkom Stephen and Pollock Kevin
Linesman : Tony Sericolo and Ryan Galloway
Game Notes
12:03 of 2nd period - Mustangs goal is going for a video replay. After video review, No Goal. The attacking player has interfered with a goalkeeper in his goal crease.
Finance
Level 1 -- Attendance: 1328 (66,40%) -- Ticket Income 53 120 $
Level 2 -- Attendance: 727 (72,70%) -- Ticket Income 14 540 $
Total Attendance: 2055 (68,50%)
Total Ticket Income: 67 660 $
Other Income: 3 383 $
Total Income: 71 043 $
Diables
5 vs 5 Forward
Center Left Wing Right Wing Time % Phy DF OF
1 Tyler Bozak Brandon Prust Damien Brunner 40 1 2 2
2 Jamie Arniel Kellan Lain Steve Quailer 30 1 2 2
3 Craig Smith Pierre-Cédric Labrie Tomas Kubalik 20 1 2 2
4 Riley Sheahan Taylor Beck Benn Ferriero 10 1 2 2
5 vs 5 Defense
Defense Defense Time % Phy DF OF
1 Lukas Krajicek Jared Cowen 40 1 2 2
2 Dustin Kohn Tyler Cuma 30 1 2 2
3 Matt Jones Pavel Valentenko 20 1 2 2
4 Brian Dumoulin Jared Cowen 10 1 2 2
PowerPlay Forward
Center Left Wing Right Wing Time % Phy DF OF
1 Tyler Bozak Kellan Lain Damien Brunner 60 1 2 2
2 Craig Smith Brandon Prust Benn Ferriero 40 1 2 2
PowerPlay Defense
Defense Defense Time % Phy DF OF
1 Dustin Kohn Jared Cowen 60 1 2 2
2 Lukas Krajicek Tyler Cuma 40 1 2 2
Penalty Kill 4 Players Forward
Center Wing Time % Phy DF OF
1 Jamie Arniel Damien Brunner 60 1 2 2
2 Tyler Bozak Kellan Lain 40 1 2 2
Penalty Kill 4 Players Defense
Defense Defense Time % Phy DF OF
1 Jared Cowen Matt Jones 60 1 2 2
2 Dustin Kohn Lukas Krajicek 40 1 2 2
Penalty Kill - 3 Players Forward
Forward Time % Phy DF OF
1 Jamie Arniel 60 1 2 2
2 Damien Brunner 40 1 2 2
Penalty Kill - 3 Players Defense
Defense Defense Time % Phy DF OF
1 Lukas Krajicek Jared Cowen 60 1 2 2
2 Dustin Kohn Tyler Cuma 40 1 2 2
4 vs 4 Forward
Center Wing Time % Phy DF OF
1 Jamie Arniel Damien Brunner 60 1 2 2
2 Tyler Bozak Kellan Lain 40 1 2 2
4 vs 4 Defense
Defense Defense Time % Phy DF OF
1 Lukas Krajicek Matt Jones 60 1 2 2
2 Dustin Kohn Tyler Cuma 40 1 2 2
Last Minutes Offensive
Center Left Wing Right Wing Defense Defense
Tyler Bozak Brandon Prust Damien Brunner Lukas Krajicek Jared Cowen
Last Minutes Defensive
Center Left Wing Right Wing Defense Defense
Tyler Bozak Kellan Lain Damien Brunner Lukas Krajicek Jared Cowen
Goaltenders
Starting : Jean-Francois Berube
Backup : Frederik Andersen
Extra Forwards
Normal : Craig Smith, Pierre-Cédric Labrie, Tomas Kubalik - PP : Craig Smith, Pierre-Cédric Labrie - PK : Tomas Kubalik
Extra Defensemen
Normal : Jared Cowen, Pavel Valentenko, Brian Dumoulin - PP : Jared Cowen - PK : Pavel Valentenko, Brian Dumoulin
Penalty Shots
Craig Smith, Damien Brunner, Kellan Lain, Tyler Bozak, Jamie Arniel
Mustangs
5 vs 5 Forward
Center Left Wing Right Wing Time % Phy DF OF
1 Brayden Schenn Evander Kane Denis Shvidki 40 0 2 3
2 Riley Armstrong Ben Eager Reilly Smith 30 0 2 3
3 Rick Schofield Daniel Winnik Eric Godard 20 0 2 3
4 Jim O'Brien Marcus Foligno Jerome Samson 10 0 2 3
5 vs 5 Defense
Defense Defense Time % Phy DF OF
1 Derek Joslin Eric Gryba 40 1 2 2
2 Denis Bodrov Cameron Gaunce 30 1 2 2
3 Mark Pysyk Joe Finley 20 1 2 2
4 Cameron Gaunce Derek Joslin 10 1 2 2
PowerPlay Forward
Center Left Wing Right Wing Time % Phy DF OF
1 Brayden Schenn Evander Kane Denis Shvidki 60 0 0 5
2 Riley Armstrong Ben Eager Reilly Smith 40 0 0 5
PowerPlay Defense
Defense Defense Time % Phy DF OF
1 Derek Joslin Eric Gryba 60 0 1 4
2 Denis Bodrov Cameron Gaunce 40 0 1 4
Penalty Kill 4 Players Forward
Center Wing Time % Phy DF OF
1 Brayden Schenn Evander Kane 60 0 5 0
2 Riley Armstrong Denis Shvidki 40 0 5 0
Penalty Kill 4 Players Defense
Defense Defense Time % Phy DF OF
1 Derek Joslin Eric Gryba 60 1 4 0
2 Denis Bodrov Cameron Gaunce 40 1 4 0
Penalty Kill - 3 Players Forward
Forward Time % Phy DF OF
1 Brayden Schenn 60 0 5 0
2 Denis Shvidki 40 0 5 0
Penalty Kill - 3 Players Defense
Defense Defense Time % Phy DF OF
1 Derek Joslin Eric Gryba 60 1 4 0
2 Denis Bodrov Cameron Gaunce 40 1 4 0
4 vs 4 Forward
Center Wing Time % Phy DF OF
1 Brayden Schenn Evander Kane 60 0 1 4
2 Riley Armstrong Denis Shvidki 40 0 1 4
4 vs 4 Defense
Defense Defense Time % Phy DF OF
1 Derek Joslin Eric Gryba 60 0 2 3
2 Denis Bodrov Cameron Gaunce 40 0 2 3
Last Minutes Offensive
Center Left Wing Right Wing Defense Defense
Brayden Schenn Evander Kane Denis Shvidki Derek Joslin Cameron Gaunce
Last Minutes Defensive
Center Left Wing Right Wing Defense Defense
Brayden Schenn Ben Eager Eric Godard Denis Bodrov Mark Pysyk
Goaltenders
Starting : Chet Pickard
Backup : Maxime Ouellet
Extra Forwards
Normal : Evander Kane, Brayden Schenn, Reilly Smith - PP : Brayden Schenn, Evander Kane - PK : Daniel Winnik
Extra Defensemen
Normal : Cameron Gaunce, Mark Pysyk, Derek Joslin - PP : Cameron Gaunce - PK : Mark Pysyk, Derek Joslin
Penalty Shots
Brayden Schenn, Denis Shvidki, Reilly Smith, Ben Eager, Evander Kane
% Time on Ice - Diables
Lines # - Real PCT - Wanted PCT - Time Play
Normal Forward
1 - 38% - 40% - 17:24
2 - 25% - 30% - 11:34
3 - 23% - 20% - 10:42
4 - 14% - 10% - 6:15
Normal Defense
1 - 41% - 40% - 18:51
2 - 33% - 30% - 15:09
3 - 19% - 20% - 8:41
4 - 7% - 10% - 3:14
PP Forward
1 - 52% - 60% - 1:04
2 - 48% - 40% - 0:59
PP Defense
1 - 50% - 60% - 1:01
2 - 50% - 40% - 1:02
PK Forward
1 - 70% - 60% - 8:23
2 - 30% - 40% - 3:39
PK Defense
1 - 57% - 60% - 6:48
2 - 43% - 40% - 5:14
PK3 Forward
1 - 0% - 60%
2 - 0% - 40%
PK3 Defense
1 - 0% - 60%
2 - 0% - 40%
44 Forward
1 - 0% - 60%
2 - 0% - 40%
44 Defense
1 - 0% - 60%
2 - 0% - 40%
Last Minute Offensive - 0:00
Last Minute Defensive - 0:00
Total
Forward - 60:00
Defense - 60:00
|
% Time on Ice - Mustangs
Lines # - Real PCT - Wanted PCT - Time Play
Normal Forward
1 - 39% - 40% - 18:01
2 - 26% - 30% - 11:51
3 - 20% - 20% - 9:14
4 - 15% - 10% - 6:49
Normal Defense
1 - 42% - 40% - 19:20
2 - 30% - 30% - 13:40
3 - 25% - 20% - 11:39
4 - 3% - 10% - 1:16
PP Forward
1 - 63% - 60% - 7:38
2 - 37% - 40% - 4:24
PP Defense
1 - 60% - 60% - 7:10
2 - 40% - 40% - 4:52
PK Forward
1 - 100% - 60% - 2:03
2 - 0% - 40% - 0:00
PK Defense
1 - 53% - 60% - 1:05
2 - 47% - 40% - 0:58
PK3 Forward
1 - 0% - 60%
2 - 0% - 40%
PK3 Defense
1 - 0% - 60%
2 - 0% - 40%
44 Forward
1 - 0% - 60%
2 - 0% - 40%
44 Defense
1 - 0% - 60%
2 - 0% - 40%
Last Minute Offensive - 0:00
Last Minute Defensive - 0:00
Total
Forward - 60:00
Defense - 60:00
|
Play by Play
1st period
0:01 of 1st period - Brayden Schenn wins face-off versus Tyler Bozak in neutral zone.
0:04 of 1st period - Lukas Krajicek is hit by Eric Gryba and loses puck.
0:44 of 1st period - Riley Armstrong is hit by Tyler Cuma and loses puck.
1:18 of 1st period - Wrist shot by Riley Armstrong.
1:18 of 1st period - Shot Misses the Net.
1:20 of 1st period - Minor Penalty to Damien Brunner for Interference.
1:21 of 1st period - Jamie Arniel wins face-off versus Brayden Schenn in Diables zone.
3:20 of 1st period - Penalty to Damien Brunner is over, Damien Brunner is back on ice.
3:27 of 1st period - Marcus Foligno is hit by Matt Jones and loses puck.
3:58 of 1st period - Slapshot by Tyler Bozak.
3:58 of 1st period - Stopped by Chet Pickard without a rebound.
3:59 of 1st period - Tyler Bozak wins face-off versus Rick Schofield in Mustangs zone.
4:54 of 1st period - Off-side.
4:55 of 1st period - Riley Sheahan wins face-off versus Brayden Schenn in neutral zone.
5:26 of 1st period - Mark Pysyk is hit by Kellan Lain and loses puck.
5:45 of 1st period - Damien Brunner is hit by Riley Armstrong and loses puck.
6:16 of 1st period - Wrist shot by Damien Brunner.
6:16 of 1st period - Deflect By Brandon Prust.
6:16 of 1st period - Shot Misses the Net.
6:16 of 1st period - Puck is out of play.
6:17 of 1st period - Jamie Arniel wins face-off versus Rick Schofield in Mustangs zone.
6:32 of 1st period - Eric Godard is hit by Steve Quailer and loses puck.
6:49 of 1st period - Wrist shot by Evander Kane.
6:49 of 1st period - Stopped by Jean-Francois Berube without a rebound.
6:50 of 1st period - Brayden Schenn wins face-off versus Craig Smith in Diables zone.
6:51 of 1st period - Wrist shot by Denis Shvidki.
6:51 of 1st period - Stopped by Jean-Francois Berube with a rebound.
6:53 of 1st period - Wrist shot by Evander Kane.
6:53 of 1st period - Shot Misses the Net.
7:05 of 1st period - Slapshot by Lukas Krajicek.
7:05 of 1st period - Shot Blocked by Derek Joslin.
7:18 of 1st period - Wrist shot by Brayden Schenn.
7:18 of 1st period - Stopped by Jean-Francois Berube with a rebound.
7:20 of 1st period - Slapshot by Derek Joslin.
7:20 of 1st period - Deflect By Evander Kane.
7:20 of 1st period - Shot Blocked by Dustin Kohn.
7:20 of 1st period - Puck is out of play.
7:21 of 1st period - Reilly Smith wins face-off versus Jamie Arniel in Diables zone.
7:30 of 1st period - Snap shot by Riley Armstrong.
7:30 of 1st period - Shot Misses the Net.
7:32 of 1st period - Snap shot by Riley Armstrong.
7:32 of 1st period - Stopped by Jean-Francois Berube without a rebound.
7:33 of 1st period - Tyler Bozak wins face-off versus Brayden Schenn in Diables zone.
7:42 of 1st period - Wrist shot by Damien Brunner.
7:42 of 1st period - Shot Misses the Net.
8:35 of 1st period - Slapshot by Reilly Smith.
8:35 of 1st period - Shot Blocked by Steve Quailer.
8:48 of 1st period - Minor Penalty to Jamie Arniel for Hooking.
8:49 of 1st period - Tomas Kubalik wins face-off versus Denis Shvidki in Diables zone.
10:05 of 1st period - Riley Armstrong is hit by Jared Cowen and loses puck.
10:26 of 1st period - Kellan Lain is hit by Joe Finley and loses puck.
10:37 of 1st period - Wrist shot by Daniel Winnik.
10:37 of 1st period - Shot Blocked by Kellan Lain.
10:48 of 1st period - Penalty to Jamie Arniel is over, Jamie Arniel is back on ice.
11:09 of 1st period - Snap shot by Tomas Kubalik.
11:09 of 1st period - Stopped by Chet Pickard with a rebound.
11:26 of 1st period - Wrist shot by Damien Brunner.
11:26 of 1st period - Shot Blocked by Denis Bodrov.
14:24 of 1st period - Dustin Kohn is hit by Jerome Samson and loses puck.
14:49 of 1st period - Slapshot by Daniel Winnik.
14:49 of 1st period - Deflect By Eric Godard.
14:49 of 1st period - Stopped by Jean-Francois Berube with a rebound.
15:18 of 1st period - Icing by Damien Brunner.
15:19 of 1st period - Damien Brunner wins face-off versus Reilly Smith in Diables zone.
15:28 of 1st period - Backhand shot by Craig Smith.
15:28 of 1st period - Stopped by Chet Pickard without a rebound.
15:29 of 1st period - Brayden Schenn wins face-off versus Craig Smith in Mustangs zone.
15:54 of 1st period - Wrist shot by Craig Smith.
15:54 of 1st period - Deflect By Tomas Kubalik.
15:54 of 1st period - Stopped by Chet Pickard with a rebound.
16:12 of 1st period - Slapshot by Jerome Samson.
16:12 of 1st period - Shot Misses the Net.
16:28 of 1st period - Wrist shot by Craig Smith.
16:28 of 1st period - Shot Misses the Net.
16:32 of 1st period - Wrist shot by Craig Smith.
16:32 of 1st period - Shot Blocked by Mark Pysyk.
16:34 of 1st period - Snap shot by Jared Cowen.
16:34 of 1st period - Stopped by Chet Pickard with a rebound.
16:36 of 1st period - Snap shot by Tomas Kubalik.
16:36 of 1st period - Shot Misses the Net.
16:38 of 1st period - Slapshot by Tomas Kubalik.
16:38 of 1st period - Shot Hit the Post.
16:40 of 1st period - Slapshot by Craig Smith.
16:40 of 1st period - Stopped by Chet Pickard without a rebound.
16:41 of 1st period - Tyler Bozak wins face-off versus Brayden Schenn in Mustangs zone.
16:46 of 1st period - Slapshot by Damien Brunner.
16:46 of 1st period - Shot Misses the Net.
16:48 of 1st period - Minor Penalty to Derek Joslin for Hooking.
16:49 of 1st period - Tyler Bozak wins face-off versus Brayden Schenn in Mustangs zone.
16:52 of 1st period - Wrist shot by Tyler Bozak.
16:52 of 1st period - Deflect By Damien Brunner.
16:52 of 1st period - Goal by Damien Brunner - Diables : 1 - Mustangs : 0.
16:53 of 1st period - Tyler Bozak wins face-off versus Brayden Schenn in neutral zone.
16:56 of 1st period - Eric Gryba is hit by Damien Brunner and loses puck.
17:03 of 1st period - Wrist shot by Derek Joslin.
17:03 of 1st period - Stopped by Jean-Francois Berube without a rebound.
17:04 of 1st period - Tyler Bozak wins face-off versus Brayden Schenn in Diables zone.
17:09 of 1st period - Snap shot by Denis Shvidki.
17:09 of 1st period - Shot Blocked by Tyler Bozak.
17:11 of 1st period - Slapshot by Derek Joslin.
17:11 of 1st period - Shot Misses the Net.
17:13 of 1st period - Wrist shot by Denis Shvidki.
17:13 of 1st period - Stopped by Jean-Francois Berube with a rebound.
17:15 of 1st period - Slapshot by Derek Joslin.
17:15 of 1st period - Stopped by Jean-Francois Berube with a rebound.
17:25 of 1st period - Double Minor Penalty to Lukas Krajicek for Roughing.
17:26 of 1st period - Brayden Schenn wins face-off versus Jamie Arniel in Diables zone.
17:29 of 1st period - Slapshot by Denis Shvidki.
17:29 of 1st period - Stopped by Jean-Francois Berube with a rebound.
17:31 of 1st period - Snap shot by Brayden Schenn.
17:31 of 1st period - Shot Misses the Net.
17:33 of 1st period - Snap shot by Evander Kane.
17:33 of 1st period - Goal by Evander Kane - Diables : 1 - Mustangs : 1.
17:34 of 1st period - Brayden Schenn wins face-off versus Jamie Arniel in neutral zone.
17:54 of 1st period - Icing by Denis Shvidki.
17:55 of 1st period - Brayden Schenn wins face-off versus Jamie Arniel in Mustangs zone.
18:12 of 1st period - Snap shot by Evander Kane.
18:12 of 1st period - Deflect By Damien Brunner.
18:12 of 1st period - Stopped by Jean-Francois Berube with a rebound.
19:33 of 1st period - Penalty to Lukas Krajicek is over, Lukas Krajicek is back on ice.
19:44 of 1st period - Lukas Krajicek is hit by Cameron Gaunce and loses puck.
Goals for this period are 1 for Diables vs 1 for Mustangs.
Shots for this period are 7 for Diables vs 11 for Mustangs.
2nd period
0:01 of 2nd period - Brayden Schenn wins face-off versus Damien Brunner in neutral zone.
0:13 of 2nd period - Off-side.
0:14 of 2nd period - Brayden Schenn wins face-off versus Tyler Bozak in neutral zone.
0:17 of 2nd period - Jared Cowen is hit by Brayden Schenn and loses puck.
0:30 of 2nd period - Snap shot by Brandon Prust.
0:30 of 2nd period - Shot Blocked by Denis Shvidki.
0:40 of 2nd period - Denis Shvidki is hit by Lukas Krajicek and loses puck.
0:45 of 2nd period - Wrist shot by Craig Smith.
0:45 of 2nd period - Shot Misses the Net.
0:47 of 2nd period - Slapshot by Matt Jones.
0:47 of 2nd period - Shot Blocked by Eric Gryba.
0:49 of 2nd period - Wrist shot by Matt Jones.
0:49 of 2nd period - Shot Blocked by Eric Gryba.
0:51 of 2nd period - Snap shot by Tomas Kubalik.
0:51 of 2nd period - Shot Hit the Post.
1:02 of 2nd period - Minor Penalty to Pavel Valentenko for Hooking.
1:03 of 2nd period - Jamie Arniel wins face-off versus Riley Armstrong in Diables zone.
2:04 of 2nd period - Tyler Bozak is hit by Derek Joslin and loses puck.
3:02 of 2nd period - Penalty to Pavel Valentenko is over, Pavel Valentenko is back on ice.
3:08 of 2nd period - Wrist shot by Tomas Kubalik.
3:08 of 2nd period - Stopped by Chet Pickard with a rebound.
3:10 of 2nd period - Slapshot by Dustin Kohn.
3:10 of 2nd period - Shot Misses the Net.
3:12 of 2nd period - Snap shot by Brandon Prust.
3:12 of 2nd period - Shot Blocked by Cameron Gaunce.
3:14 of 2nd period - Snap shot by Brandon Prust.
3:14 of 2nd period - Shot Misses the Net.
3:16 of 2nd period - Slapshot by Dustin Kohn.
3:16 of 2nd period - Stopped by Chet Pickard with a rebound.
3:18 of 2nd period - Slapshot by Lukas Krajicek.
3:18 of 2nd period - Stopped by Chet Pickard with a rebound.
3:20 of 2nd period - Wrist shot by Tomas Kubalik.
3:20 of 2nd period - Stopped by Chet Pickard without a rebound.
3:21 of 2nd period - Riley Sheahan wins face-off versus Rick Schofield in Mustangs zone.
3:30 of 2nd period - Slapshot by Derek Joslin.
3:30 of 2nd period - Shot Blocked by Benn Ferriero.
3:32 of 2nd period - Minor Penalty to Brian Dumoulin for Slashing.
3:33 of 2nd period - Brayden Schenn wins face-off versus Jamie Arniel in Diables zone.
4:48 of 2nd period - Lukas Krajicek is hit by Eric Godard and loses puck.
5:11 of 2nd period - Jared Cowen is hit by Denis Shvidki and loses puck.
5:32 of 2nd period - Penalty to Brian Dumoulin is over, Brian Dumoulin is back on ice.
5:56 of 2nd period - Rick Schofield is hit by Jared Cowen and loses puck.
6:04 of 2nd period - Off-side.
6:05 of 2nd period - Jim O'Brien wins face-off versus Tomas Kubalik in neutral zone.
6:07 of 2nd period - Off-side.
6:08 of 2nd period - Jim O'Brien wins face-off versus Craig Smith in neutral zone.
6:11 of 2nd period - Snap shot by Jerome Samson.
6:11 of 2nd period - Stopped by Jean-Francois Berube without a rebound.
6:12 of 2nd period - Tomas Kubalik wins face-off versus Jim O'Brien in Diables zone.
6:21 of 2nd period - Slapshot by Craig Smith.
6:21 of 2nd period - Deflect By Tomas Kubalik.
6:21 of 2nd period - Stopped by Chet Pickard with a rebound.
6:39 of 2nd period - Wrist shot by Damien Brunner.
6:39 of 2nd period - Stopped by Chet Pickard without a rebound.
6:40 of 2nd period - Tyler Bozak wins face-off versus Brayden Schenn in Mustangs zone.
6:45 of 2nd period - Snap shot by Damien Brunner.
6:45 of 2nd period - Deflect By Tyler Bozak.
6:45 of 2nd period - Goal by Tyler Bozak - Diables : 2 - Mustangs : 1.
6:46 of 2nd period - Brayden Schenn wins face-off versus Tyler Bozak in neutral zone.
7:11 of 2nd period - Eric Gryba is hit by Kellan Lain and loses puck.
7:20 of 2nd period - Slapshot by Kellan Lain.
7:20 of 2nd period - Deflect By Riley Armstrong.
7:20 of 2nd period - Shot Hit the Post.
7:20 of 2nd period - Puck is out of play.
7:21 of 2nd period - Denis Shvidki wins face-off versus Tyler Bozak in Mustangs zone.
7:31 of 2nd period - Off-side.
7:32 of 2nd period - Denis Shvidki wins face-off versus Tyler Bozak in neutral zone.
8:18 of 2nd period - Snap shot by Brayden Schenn.
8:18 of 2nd period - Shot Blocked by Jared Cowen.
8:21 of 2nd period - Icing by Jared Cowen.
8:22 of 2nd period - Craig Smith wins face-off versus Riley Armstrong in Diables zone.
9:19 of 2nd period - Wrist shot by Kellan Lain.
9:19 of 2nd period - Deflect By Steve Quailer.
9:19 of 2nd period - Shot Blocked by Jim O'Brien.
9:19 of 2nd period - Puck is out of play.
9:20 of 2nd period - Brayden Schenn wins face-off versus Tyler Bozak in Mustangs zone.
9:45 of 2nd period - Kellan Lain is hit by Ben Eager and loses puck.
9:50 of 2nd period - Wrist shot by Riley Armstrong.
9:50 of 2nd period - Shot Misses the Net.
9:52 of 2nd period - Wrist shot by Riley Armstrong.
9:52 of 2nd period - Stopped by Jean-Francois Berube without a rebound.
9:53 of 2nd period - Reilly Smith wins face-off versus Tyler Bozak in Diables zone.
10:02 of 2nd period - Wrist shot by Ben Eager.
10:02 of 2nd period - Shot Blocked by Tyler Bozak.
10:08 of 2nd period - Wrist shot by Riley Armstrong.
10:08 of 2nd period - Stopped by Jean-Francois Berube with a rebound.
10:18 of 2nd period - Slapshot by Evander Kane.
10:18 of 2nd period - Deflect By Denis Shvidki.
10:18 of 2nd period - Stopped by Jean-Francois Berube without a rebound.
10:19 of 2nd period - Brayden Schenn wins face-off versus Jamie Arniel in Diables zone.
10:44 of 2nd period - Kellan Lain is hit by Daniel Winnik and loses puck.
10:53 of 2nd period - Snap shot by Jamie Arniel.
10:53 of 2nd period - Shot Blocked by Rick Schofield.
11:27 of 2nd period - Pierre-Cédric Labrie is hit by Cameron Gaunce and loses puck.
11:48 of 2nd period - Wrist shot by Jim O'Brien.
11:48 of 2nd period - Stopped by Jean-Francois Berube with a rebound.
11:50 of 2nd period - Wrist shot by Jerome Samson.
11:50 of 2nd period - Deflect By Lukas Krajicek.
11:50 of 2nd period - Goal by Jerome Samson - Diables : 2 - Mustangs : 2.
11:51 of 2nd period - Tyler Bozak wins face-off versus Brayden Schenn in neutral zone.
11:59 of 2nd period - Slapshot by Evander Kane.
11:59 of 2nd period - Shot Misses the Net.
12:01 of 2nd period - Backhand shot by Brayden Schenn.
12:01 of 2nd period - Shot Misses the Net.
12:03 of 2nd period - Wrist shot by Evander Kane.
12:03 of 2nd period - Deflect By Denis Shvidki.
12:03 of 2nd period - Mustangs goal is going for a video replay.
12:03 of 2nd period - The goal is refused. The attacking player has interfered with a goalkeeper in his goal crease..
12:04 of 2nd period - Brayden Schenn wins face-off versus Damien Brunner in Diables zone.
12:05 of 2nd period - Wrist shot by Evander Kane.
12:05 of 2nd period - Shot Misses the Net.
12:12 of 2nd period - Icing by Lukas Krajicek.
12:13 of 2nd period - Brayden Schenn wins face-off versus Tyler Bozak in Diables zone.
12:14 of 2nd period - Snap shot by Evander Kane.
12:14 of 2nd period - Deflect By Tyler Bozak.
12:14 of 2nd period - Shot Blocked by Tyler Bozak.
12:14 of 2nd period - Puck is out of play.
12:15 of 2nd period - Evander Kane wins face-off versus Tyler Bozak in Diables zone.
12:20 of 2nd period - Wrist shot by Denis Shvidki.
12:20 of 2nd period - Shot Misses the Net.
12:22 of 2nd period - Slapshot by Derek Joslin.
12:22 of 2nd period - Stopped by Jean-Francois Berube with a rebound.
12:24 of 2nd period - Snap shot by Eric Gryba.
12:24 of 2nd period - Shot Misses the Net.
13:30 of 2nd period - Wrist shot by Eric Godard.
13:30 of 2nd period - Stopped by Jean-Francois Berube with a rebound.
13:32 of 2nd period - Slapshot by Eric Godard.
13:32 of 2nd period - Deflect By Rick Schofield.
13:32 of 2nd period - Stopped by Jean-Francois Berube without a rebound.
13:33 of 2nd period - Damien Brunner wins face-off versus Brayden Schenn in Diables zone.
13:38 of 2nd period - Snap shot by Evander Kane.
13:38 of 2nd period - Shot Misses the Net.
13:42 of 2nd period - Snap shot by Denis Shvidki.
13:42 of 2nd period - Stopped by Jean-Francois Berube with a rebound.
13:44 of 2nd period - Snap shot by Evander Kane.
13:44 of 2nd period - Stopped by Jean-Francois Berube with a rebound.
13:46 of 2nd period - Slapshot by Brayden Schenn.
13:46 of 2nd period - Shot Blocked by Dustin Kohn.
14:04 of 2nd period - Off-side.
14:05 of 2nd period - Jamie Arniel wins face-off versus Brayden Schenn in neutral zone.
14:37 of 2nd period - Slapshot by Damien Brunner.
14:37 of 2nd period - Shot Misses the Net.
15:02 of 2nd period - Slapshot by Matt Jones.
15:02 of 2nd period - Stopped by Chet Pickard with a rebound.
15:04 of 2nd period - Slapshot by Matt Jones.
15:04 of 2nd period - Stopped by Chet Pickard with a rebound.
16:03 of 2nd period - Damien Brunner is hit by Reilly Smith and loses puck.
16:46 of 2nd period - Lukas Krajicek is hit by Jim O'Brien and loses puck.
16:55 of 2nd period - Snap shot by Jerome Samson.
16:55 of 2nd period - Shot Misses the Net.
17:05 of 2nd period - Kellan Lain is hit by Evander Kane and loses puck.
17:43 of 2nd period - Slapshot by Daniel Winnik.
17:43 of 2nd period - Shot Misses the Net.
17:45 of 2nd period - Slapshot by Rick Schofield.
17:45 of 2nd period - Shot Blocked by Dustin Kohn.
17:49 of 2nd period - Backhand shot by Daniel Winnik.
17:49 of 2nd period - Stopped by Jean-Francois Berube with a rebound.
17:51 of 2nd period - Slapshot by Cameron Gaunce.
17:51 of 2nd period - Deflect By Tyler Cuma.
17:51 of 2nd period - Stopped by Jean-Francois Berube with a rebound.
17:53 of 2nd period - Wrist shot by Rick Schofield.
17:53 of 2nd period - Stopped by Jean-Francois Berube with a rebound.
18:25 of 2nd period - Wrist shot by Tyler Bozak.
18:25 of 2nd period - Stopped by Chet Pickard with a rebound.
18:27 of 2nd period - Slapshot by Dustin Kohn.
18:27 of 2nd period - Stopped by Chet Pickard without a rebound.
18:28 of 2nd period - Brayden Schenn wins face-off versus Tyler Bozak in Mustangs zone.
18:28 of 2nd period - Brayden Schenn is hit by Tyler Bozak.
18:55 of 2nd period - Steve Quailer is hit by Riley Armstrong and loses puck.
19:17 of 2nd period - Snap shot by Tomas Kubalik.
19:17 of 2nd period - Stopped by Chet Pickard with a rebound.
19:19 of 2nd period - Snap shot by Pierre-Cédric Labrie.
19:19 of 2nd period - Stopped by Chet Pickard without a rebound.
19:20 of 2nd period - Craig Smith wins face-off versus Brayden Schenn in Mustangs zone.
19:21 of 2nd period - Snap shot by Tomas Kubalik.
19:21 of 2nd period - Stopped by Chet Pickard without a rebound.
19:22 of 2nd period - Tyler Bozak wins face-off versus Brayden Schenn in Mustangs zone.
19:33 of 2nd period - Snap shot by Evander Kane.
19:33 of 2nd period - Shot Misses the Net.
19:35 of 2nd period - Snap shot by Evander Kane.
19:35 of 2nd period - Shot Blocked by Jared Cowen.
19:37 of 2nd period - Snap shot by Derek Joslin.
19:37 of 2nd period - Shot Blocked by Brandon Prust.
Goals for this period are 1 for Diables vs 1 for Mustangs.
Shots for this period are 14 for Diables vs 15 for Mustangs.
3rd period
0:01 of 3rd period - Brayden Schenn wins face-off versus Tyler Bozak in neutral zone.
0:14 of 3rd period - Snap shot by Evander Kane.
0:14 of 3rd period - Deflect By Tyler Bozak.
0:14 of 3rd period - Stopped by Jean-Francois Berube with a rebound.
0:51 of 3rd period - Slapshot by Evander Kane.
0:51 of 3rd period - Stopped by Jean-Francois Berube with a rebound.
0:53 of 3rd period - Slapshot by Eric Gryba.
0:53 of 3rd period - Shot Misses the Net.
0:55 of 3rd period - Snap shot by Denis Shvidki.
0:55 of 3rd period - Shot Blocked by Pierre-Cédric Labrie.
0:57 of 3rd period - Slapshot by Brayden Schenn.
0:57 of 3rd period - Deflect By Denis Shvidki.
0:57 of 3rd period - Shot Blocked by Jared Cowen.
0:57 of 3rd period - Puck is out of play.
0:58 of 3rd period - Tyler Bozak wins face-off versus Riley Armstrong in Diables zone.
1:20 of 3rd period - Icing by Dustin Kohn.
1:21 of 3rd period - Tyler Bozak wins face-off versus Rick Schofield in Diables zone.
1:46 of 3rd period - Craig Smith is hit by Mark Pysyk and loses puck.
2:07 of 3rd period - Wrist shot by Brandon Prust.
2:07 of 3rd period - Shot Misses the Net.
2:09 of 3rd period - Slapshot by Jared Cowen.
2:09 of 3rd period - Deflect By Tyler Bozak.
2:09 of 3rd period - Shot Blocked by Jerome Samson.
2:09 of 3rd period - Puck is out of play.
2:10 of 3rd period - Tyler Bozak wins face-off versus Jim O'Brien in Mustangs zone.
2:15 of 3rd period - Snap shot by Tyler Bozak.
2:15 of 3rd period - Shot Misses the Net.
2:35 of 3rd period - Kellan Lain is hit by Brayden Schenn and loses puck.
2:53 of 3rd period - Off-side.
2:54 of 3rd period - Riley Armstrong wins face-off versus Craig Smith in neutral zone.
3:03 of 3rd period - Slapshot by Lukas Krajicek.
3:03 of 3rd period - Shot Blocked by Cameron Gaunce.
3:05 of 3rd period - Wrist shot by Craig Smith.
3:05 of 3rd period - Goal by Craig Smith - Diables : 3 - Mustangs : 2.
3:06 of 3rd period - Damien Brunner wins face-off versus Brayden Schenn in neutral zone.
3:15 of 3rd period - Backhand shot by Damien Brunner.
3:15 of 3rd period - Shot Blocked by Derek Joslin.
3:17 of 3rd period - Slapshot by Lukas Krajicek.
3:17 of 3rd period - Shot Blocked by Eric Gryba.
3:19 of 3rd period - Snap shot by Brandon Prust.
3:19 of 3rd period - Goal by Brandon Prust - Diables : 4 - Mustangs : 2.
3:20 of 3rd period - Tyler Bozak wins face-off versus Brayden Schenn in neutral zone.
3:41 of 3rd period - Minor Penalty to Brayden Schenn for High sticking.
3:42 of 3rd period - Daniel Winnik wins face-off versus Tyler Bozak in Mustangs zone.
4:16 of 3rd period - Snap shot by Benn Ferriero.
4:16 of 3rd period - Stopped by Chet Pickard without a rebound.
4:17 of 3rd period - Tyler Bozak wins face-off versus Riley Armstrong in Mustangs zone.
4:58 of 3rd period - Snap shot by Tyler Bozak.
4:58 of 3rd period - Shot Misses the Net.
5:41 of 3rd period - Penalty to Brayden Schenn is over, Brayden Schenn is back on ice.
7:51 of 3rd period - Off-side.
7:52 of 3rd period - Brayden Schenn wins face-off versus Tyler Bozak in neutral zone.
8:03 of 3rd period - Snap shot by Evander Kane.
8:03 of 3rd period - Stopped by Jean-Francois Berube with a rebound.
8:30 of 3rd period - Benn Ferriero is hit by Derek Joslin.
8:46 of 3rd period - Wrist shot by Daniel Winnik.
8:46 of 3rd period - Goal by Daniel Winnik - Diables : 4 - Mustangs : 3.
8:47 of 3rd period - Brayden Schenn wins face-off versus Tyler Bozak in neutral zone.
9:23 of 3rd period - Slapshot by Cameron Gaunce.
9:23 of 3rd period - Stopped by Jean-Francois Berube with a rebound.
9:25 of 3rd period - Slapshot by Cameron Gaunce.
9:25 of 3rd period - Stopped by Jean-Francois Berube with a rebound.
9:59 of 3rd period - Snap shot by Eric Godard.
9:59 of 3rd period - Stopped by Jean-Francois Berube without a rebound.
10:00 of 3rd period - Rick Schofield wins face-off versus Riley Sheahan in Diables zone.
10:01 of 3rd period - Snap shot by Daniel Winnik.
10:01 of 3rd period - Shot Blocked by Dustin Kohn.
10:03 of 3rd period - Slapshot by Mark Pysyk.
10:03 of 3rd period - Stopped by Jean-Francois Berube without a rebound.
10:04 of 3rd period - Rick Schofield wins face-off versus Tyler Bozak in Diables zone.
10:07 of 3rd period - Wrist shot by Eric Godard.
10:07 of 3rd period - Shot Misses the Net.
10:09 of 3rd period - Wrist shot by Mark Pysyk.
10:09 of 3rd period - Shot Misses the Net.
10:11 of 3rd period - Snap shot by Rick Schofield.
10:11 of 3rd period - Shot Hit the Post.
10:13 of 3rd period - Snap shot by Joe Finley.
10:13 of 3rd period - Shot Misses the Net.
10:15 of 3rd period - Wrist shot by Rick Schofield.
10:15 of 3rd period - Stopped by Jean-Francois Berube with a rebound.
10:17 of 3rd period - Slapshot by Mark Pysyk.
10:17 of 3rd period - Stopped by Jean-Francois Berube without a rebound.
10:18 of 3rd period - Brayden Schenn wins face-off versus Jamie Arniel in Diables zone.
10:29 of 3rd period - Slapshot by Denis Shvidki.
10:29 of 3rd period - Shot Misses the Net.
10:31 of 3rd period - Slapshot by Denis Shvidki.
10:31 of 3rd period - Shot Misses the Net.
10:33 of 3rd period - Snap shot by Denis Shvidki.
10:33 of 3rd period - Shot Misses the Net.
10:39 of 3rd period - Minor Penalty to Steve Quailer for Hooking.
10:40 of 3rd period - Brayden Schenn wins face-off versus Jamie Arniel in Diables zone.
12:00 of 3rd period - Ben Eager is hit by Kellan Lain and loses puck.
12:37 of 3rd period - Dustin Kohn is hit by Jim O'Brien and loses puck.
12:39 of 3rd period - Penalty to Steve Quailer is over, Steve Quailer is back on ice.
12:46 of 3rd period - Slapshot by Eric Godard.
12:46 of 3rd period - Stopped by Jean-Francois Berube without a rebound.
12:47 of 3rd period - Rick Schofield wins face-off versus Riley Sheahan in Diables zone.
13:19 of 3rd period - Snap shot by Tomas Kubalik.
13:19 of 3rd period - Stopped by Chet Pickard without a rebound.
13:20 of 3rd period - Tyler Bozak wins face-off versus Brayden Schenn in Mustangs zone.
13:21 of 3rd period - Snap shot by Brandon Prust.
13:21 of 3rd period - Shot Misses the Net.
13:56 of 3rd period - Dustin Kohn is hit by Eric Gryba and loses puck.
14:22 of 3rd period - Off-side.
14:23 of 3rd period - Tyler Bozak wins face-off versus Riley Armstrong in neutral zone.
14:32 of 3rd period - Snap shot by Brandon Prust.
14:32 of 3rd period - Goal by Brandon Prust - Diables : 5 - Mustangs : 3.
14:33 of 3rd period - Brandon Prust wins face-off versus Riley Armstrong in neutral zone.
14:59 of 3rd period - Eric Godard is hit by Jamie Arniel and loses puck.
15:38 of 3rd period - Off-side.
15:39 of 3rd period - Tyler Bozak wins face-off versus Jim O'Brien in neutral zone.
16:10 of 3rd period - Slapshot by Evander Kane.
16:10 of 3rd period - Stopped by Jean-Francois Berube with a rebound.
16:14 of 3rd period - Wrist shot by Brayden Schenn.
16:14 of 3rd period - Stopped by Jean-Francois Berube with a rebound.
16:16 of 3rd period - Wrist shot by Brayden Schenn.
16:16 of 3rd period - Stopped by Jean-Francois Berube with a rebound.
16:23 of 3rd period - Icing by Jared Cowen.
16:24 of 3rd period - Craig Smith wins face-off versus Rick Schofield in Diables zone.
16:53 of 3rd period - Snap shot by Tomas Kubalik.
16:53 of 3rd period - Stopped by Chet Pickard with a rebound.
16:57 of 3rd period - Snap shot by Steve Quailer.
16:57 of 3rd period - Stopped by Chet Pickard with a rebound.
16:59 of 3rd period - Snap shot by Lukas Krajicek.
16:59 of 3rd period - Shot Misses the Net.
17:20 of 3rd period - Wrist shot by Riley Sheahan.
17:20 of 3rd period - Stopped by Chet Pickard with a rebound.
17:22 of 3rd period - Snap shot by Benn Ferriero.
17:22 of 3rd period - Shot Misses the Net.
17:24 of 3rd period - Snap shot by Lukas Krajicek.
17:24 of 3rd period - Shot Blocked by Mark Pysyk.
17:26 of 3rd period - Snap shot by Benn Ferriero.
17:26 of 3rd period - Shot Misses the Net.
17:41 of 3rd period - Off-side.
17:42 of 3rd period - Rick Schofield wins face-off versus Craig Smith in neutral zone.
18:18 of 3rd period - Wrist shot by Tyler Bozak.
18:18 of 3rd period - Shot Blocked by Ben Eager.
18:23 of 3rd period - Off-side.
18:24 of 3rd period - Brayden Schenn wins face-off versus Riley Sheahan in neutral zone.
18:39 of 3rd period - Wrist shot by Benn Ferriero.
18:39 of 3rd period - Stopped by Chet Pickard without a rebound.
18:40 of 3rd period - Rick Schofield wins face-off versus Craig Smith in Mustangs zone.
18:44 of 3rd period - Cameron Gaunce is hit by Pierre-Cédric Labrie and loses puck.
Goals for this period are 3 for Diables vs 1 for Mustangs.
Shots for this period are 9 for Diables vs 14 for Mustangs.
Back to the Top